 Dungeon Crawl Stone Soup version 0.25-a0-290-g4a1327ee3a (webtiles) character file.

Game seed: 11828160909530797035, levelgen mode: deterministic

28 Lanoc the Stinger (level 3, 0/16 HPs)
             Began as a Vine Stalker Venom Mage on Dec 13, 2019.
             Was an Initiate of Fedhas.
             Succumbed to an adder's poison
             ... on level 1 of the Dungeon.
             The game lasted 00:02:56 (1032 turns).

Lanoc the Stinger (Vine Stalker Venom Mage)         Turns: 1032, Time: 00:03:00

Health: 0/16       AC:  3    Str: 10    XL:     3   Next: 14%
Magic:  2/7        EV: 12    Int: 16    God:    Fedhas [......]
Gold:   90         SH:  0    Dex: 14    Spells: 4/7 levels left

rFire    . . .     SeeInvis .   (no weapon)
rCold    . . .     Gourm    .   (no shield)
rNeg     . . .     Faith    .   a - +0 robe
rPois    .         Spirit   +   (no helmet)
rElec    .         Reflect  .   f - +0 cloak (curse)
rCorr    .         Harm     .   (no gloves)
MR       +....                  (no boots)
Stlth    ++........             i - amulet of rage
HPRegen  0.05/turn              b - ring of protection from magic
MPRegen  0.10/turn              (no ring)

@: lethally poisoned (0 -> -6)
A: fangs 2, magic shield, antimagic bite, no potion heal 3, rot immunity
a: Renounce Religion, Evoke Berserk Rage


You were on level 1 of the Dungeon.
You worshipped Fedhas.
Fedhas was noncommittal.
You were very hungry.

You visited 1 branch of the dungeon, and saw 2 of its levels.

You collected 90 gold pieces.

Inventory:

Armour
 a - a +0 robe (worn)
 f - a cursed +0 cloak (worn)
Jewellery
 b - a ring of protection from magic (left hand)
 i - an amulet of rage (around neck)
Scrolls
 g - 2 scrolls of identify {unknown}
Potions
 d - a potion of magic {unknown}
 e - a potion of might {unknown}
 h - a potion of curing
 j - a potion of lignification {unknown}
 k - a potion of cancellation {unknown}
 l - a potion of degeneration {unknown}
Comestibles
 c - 3 rations


   Skills:
 + Level 2.0 Dodging
 - Level 2.4 Stealth
 + Level 2.6 Spellcasting
 - Level 1.0 Transmutations
 * Level 3.6 Poison Magic


You had 4 spell levels left.
You knew the following spells:

 Your Spells              Type           Power        Failure   Level  Hunger
a - Sting                 Tmut/Pois      #...         8%          1    #......
b - Poisonous Vapours     Pois/Air       #.....       14%         2    ##.....

Your spell library contained the following spells:

 Spells                   Type           Power        Failure   Level  Hunger
 Ignite Poison            Fire/Tmut/Pois #.......     30%         3    ###....
 Mephitic Cloud           Conj/Pois/Air  #.......     34%         3    ###....
 Olgreb's Toxic Radiance  Pois           ##......     41%         4    #####..


Dungeon Overview and Level Annotations

Branches:
Dungeon (2/15)

Altars:
Fedhas


Innate Abilities, Weirdness & Mutations

You have extremely sharp teeth.
When hurt, damage is shared between your health and your magic reserves.
Your bite disrupts and absorbs the magic of your enemies.
Potions cannot restore your health.
You are immune to rotting.


Message History

The adder bites you. The leopard gecko bites you.
It was a potion of curing.
Your system rejects the healing.
You feel better. The adder bites you but does no damage.
The leopard gecko splashes around in the water.
The adder barely misses you. The adder bites you.
* * * LOW HITPOINT WARNING * * *
You are lethally poisoned!
The adder poisons you!
* * * LOW HITPOINT WARNING * * *
You feel sick.
There is a stone staircase leading up here.
Your system rejects the healing.
You feel better. The adder closely misses you. The adder bites you.
* * * LOW HITPOINT WARNING * * *
You are lethally poisoned!
The adder poisons you! The leopard gecko barely misses you.
You climb upwards.
You die...
Fedhas appreciates your contribution to the ecosystem.

....# #..# #...# #.#..# #.
###.###..# #...# #.##.# #.
.........#######'#######.##.####.
###.#............................
###.#.#...#.#.#..#.##............
....................#............
....#.........##.#...............
##..#.#...#.#.##.#...............
##..#.##....#.##@l...............
##.......#.....S.#..#.......#.##.
##..#.##.##......................
....#.#..##.................#.##.
##..#.#..##...##.#..........#.##.
.....)......................#.##.
###.#.#..##......................
......#..##...#...............##.
###.#.#..##...#..................


You could see an adder and a leopard gecko.

Vanquished Creatures
  2 leopard geckos (D:1)
  6 goblins (D:1)
  3 hobgoblins (D:1)
  5 kobolds
  3 bats
  3 frilled lizards
  3 rats (D:1)
25 creatures vanquished.

Notes
Turn   | Place    | Note
-------+----------+-------------------------------------------
     0 | D:1      | Lanoc the Vine Stalker Venom Mage began the quest for the
                  | Orb.
     0 | D:1      | Reached XP level 1. HP: 9/9 MP: 4/4
   150 | D:1      | Reached XP level 2. HP: 10/13 MP: 1/6
   713 | D:1      | Reached XP level 3. HP: 16/16 MP: 5/7
   964 | D:2      | Found a blossoming altar of Fedhas.
   988 | D:2      | Became a worshipper of Fedhas Madash
   995 | D:2      | Learned a level 2 spell: Poisonous Vapours
  1032 | D:1      | Succumbed to an adder's poison

Levels and vault maps discovered:
D:1:      minmay_arrival_cross, layout_basic
D:2:      layout_rooms, fedhas_ov_isle_minmay

Skill      XL: |  1  2  3 |
---------------+----------+-----
Dodging        | 2 |  2.0
Stealth        | |  2.4
Spellcasting   | |  2.6
Transmutations | |  1.0
Poison Magic   | |  3.6

Action                   || total
-------------------------++-------
Melee: Unarmed           ||    30
       Bite              ||     6
 Cast: Sting             ||    43
       Poisonous Vapours ||     1
  Use: Potion            ||     2
Armor: Robe              ||     7
Dodge: Dodged            ||    36

Table legend:
 A = Non-vault XP
 B = Vault XP
 C = Vault XP percentage of total XP
 D = Non-vault monster count
 E = Vault monster count
 F = Vault count percentage of total count
                 A         B        C        D         E       F
            +---------+---------+-------+---------+---------+-------
      Total |      41 |       0 |   0.0 |      25 |       0 |   0.0
            +---------+---------+-------+---------+---------+-------
        D:1 |      37 |       0 |   0.0 |      22 |       0 |   0.0
        D:2 |       4 |       0 |   0.0 |       3 |       0 |   0.0
            +---------+---------+-------+---------+---------+-------
